Map: Disco Bloodbath LE

Players

pHARM - Winner!

  • Race: Zerg Zerg
  • League: Platinum
  • Spawn Location: 3:00

Ironman

  • Race: Terran Terran
  • League: Platinum
  • Spawn Location: 9:00

VOD

Have the link to the VOD?

Description

Time

  • Played on: Sept. 16, 2019, 11:37 p.m.
  • Length: 21:52
Show
View Real Time Build Order
Export as new Build Order

pHARM Zerg - Winner!

Build Orders: Hatch First 

Get SALT Encoding   

  12  0:01  Drone  
  13  0:13  Overlord  
  13  0:26  Drone  
  14  0:31  Drone x2  
  16  0:50  Hatchery  
  16  0:54  Drone  
  17  0:57  Drone  
  17  1:00  Drone  
  18  1:14  Drone  
  19  1:21  Spawning Pool  
  19  1:25  Drone  
  19  1:41  Extractor  
  19  1:43  Drone x2  
  20  1:52  Overlord  
  20  2:08  Zergling x2  
  21  2:09  Zergling x2, Queen x2  
  21  2:15  Overlord  
  26  2:20  Drone  
  27  2:39  Drone x4  
  31  2:46  Drone x2  
  33  2:58  Drone x2  
  34  3:02  Pneumatized Carapace  
  35  3:08  Metabolic Boost  
  35  3:09  Hatchery  
  35  3:10  Overlord  
  35  3:11  Drone  
  35  3:26  Drone  
  38  3:27  Drone x6  
  42  3:35  Baneling Nest  
  42  3:37  Evolution Chamber  
  41  3:41  Drone x2  
  41  3:43  Evolution Chamber  
  41  4:02  Drone x4  
  45  4:03  Drone x3  
  45  4:05  Lair  
  48  4:32  Extractor  
  48  4:34  Queen, Extractor  
  48  4:48  Drone  
  48  4:50  Zergling x2  
  48  4:51  Zergling x16  
  58  4:53  Overlord x3  
  58  5:00  Zerg Melee Weapons Level 1  
  58  5:20  Zergling x2  
  58  5:21  Zergling x18  
  68  5:27  Zerg Ground Armor Level 1  
  68  5:38  Baneling x8  
  68  5:40  Zergling x2  
  68  5:41  Zergling x20  
  79  5:50  Queen  
  77  6:25  Zergling x2  
  50  6:37  Drone x17  
  67  6:47  Spire  
  66  6:48  Overlord x2, Extractor  
  65  6:56  Extractor  
  65  6:58  Extractor  
  65  7:00  Drone x4  
  67  7:19  Zerg Melee Weapons Level 2  
  67  7:38  Hatchery  
  67  7:39  Zerg Ground Armor Level 2  
  66  7:59  Mutalisk x8, Zerg Flyer Weapons Level 1  
  66  8:01  Overlord  
  66  8:03  Overlord  
  66  8:04  Overlord x10  
  81  8:19  Drone x4  
  85  8:25  Mutalisk  
  85  8:26  Mutalisk x3  
  83  9:13  Drone  
  83  9:14  Drone x15  
  99  9:21  Hatchery  
  99  9:22  Roach Warren  
  93  9:40  Zerg Missile Weapons Level 1  
  93  9:53  Extractor  
  93  9:55  Extractor  
  91  10:02  Glial Reconstitution  
  91  10:04  Roach x7  
  91  10:05  Infestation Pit, Roach x7  
  118  10:29  Roach x12  
  142  10:39  Hydralisk Den, Roach  
  142  10:40  Roach x4  
  151  10:43  Hive  
  151  10:54  Roach x12  
  175  11:12  Roach x7  
  175  11:13  Roach x4  
  175  11:14  Overlord x3  
  197  11:29  Muscular Augments  
  197  11:32  Queen  
  200  11:40  Drone  
  200  11:49  Zerg Missile Weapons Level 2  
  200  12:00  Roach x6  
  200  12:01  Roach x6  
  200  12:02  Roach  
  200  12:03  Roach x4  
  200  12:04  Roach x4  
  146  12:17  Roach x2  
  146  12:18  Roach x13  
  154  12:29  Greater Spire  
  154  12:33  Zerg Ground Armor Level 3  
  154  12:38  Adrenal Glands  
  154  12:40  Grooved Spines  
  154  12:41  Ultralisk Cavern  
  145  12:47  Zergling x30  
  145  12:48  Zergling x8  
  101  13:28  Roach x9  
  101  13:29  Roach x12  
  101  13:30  Hatchery  
  122  13:47  Roach x12  
  146  13:54  Chitinous Plating  
  146  13:57  Ultralisk x3  
  164  14:06  Zerg Melee Weapons Level 3  
  164  14:27  Ultralisk x4  
  188  14:52  Zergling x16  
  196  15:13  Anabolic Synthesis  
  192  15:41  Zergling x28  
  192  15:42  Zergling x54  
  193  15:43  Zergling x4  
  193  15:48  Zergling x2  
  193  15:49  Zergling x8  
  124  16:15  Ultralisk  
  124  16:16  Ultralisk x4  
  112  16:33  Ultralisk x3  
  130  16:49  Drone  
  130  16:50  Drone x5  
  136  17:13  Overseer  
  136  17:27  Extractor  
  135  17:30  Extractor  
  135  17:36  Ultralisk x5  
  135  17:37  Zergling x2, Ultralisk x2  
  176  17:38  Zergling x6  
  180  17:48  Hatchery  
  179  17:57  Zergling x32  
  188  18:37  Roach  
  188  18:38  Roach x3  
  196  18:46  Overlord  
  127  19:14  Corruptor x11  
  127  19:15  Corruptor x2  
  153  19:17  Roach  
  153  19:18  Roach x15  
  185  19:25  Corruptor x2  
  165  19:57  Zerg Flyer Armor Level 1  
  165  20:01  Roach x6  
  165  20:02  Roach x11  
  187  20:27  Overlord x5  
  185  20:41  Corruptor x4  
  175  20:53  Corruptor  
  175  20:54  Corruptor x4  
  181  21:03  Corruptor  
  181  21:04  Corruptor x2  
  177  21:10  Corruptor  
  177  21:11  Corruptor  
  173  21:19  Corruptor x2  
  172  21:45  Spire  
Show
View Real Time Build Order
Export as new Build Order

Ironman Terran 

Build Orders: Mech 

Get SALT Encoding   

  12  0:00  SCV  
  13  0:13  SCV  
  14  0:17  Supply Depot  
  14  0:25  SCV  
  15  0:38  SCV  
  15  0:40  Barracks  
  16  0:48  Refinery  
  16  0:50  SCV  
  17  1:03  SCV  
  18  1:15  SCV  
  19  1:27  Orbital Command  
  19  1:28  Marine  
  20  1:45  Command Center  
  20  1:55  SCV  
  20  1:56  Supply Depot  
  21  2:07  SCV  
  22  2:14  Factory  
  22  2:18  Refinery  
  22  2:19  SCV  
  23  2:26  Bunker  
  23  2:28  Supply Depot  
  23  2:31  SCV  
  24  2:39  Barracks Tech Lab  
  24  2:43  SCV  
  25  2:55  Supply Depot  
  25  3:03  Supply Depot  
  25  3:07  Orbital Command  
  25  3:14  SCV  
  25  3:17  Siege Tank  
  29  3:24  Supply Depot  
  29  3:28  SCV  
  29  3:29  Supply Depot  
  30  3:37  SCV  
  31  3:42  SCV  
  32  3:50  Siege Tank  
  32  3:54  SCV, Engineering Bay  
  36  4:03  SCV  
  36  4:07  SCV  
  36  4:08  Command Center  
  38  4:19  SCV  
  38  4:22  SCV  
  40  4:24  Missile Turret  
  40  4:28  Missile Turret  
  40  4:31  SCV  
  40  4:32  Siege Tank  
  44  4:40  Refinery  
  44  4:41  SCV  
  44  4:42  Refinery  
  45  4:48  SCV  
  46  4:55  SCV  
  47  5:05  SCV  
  47  5:06  Armory  
  47  5:07  Siege Tank  
  51  5:14  SCV  
  52  5:25  SCV, Factory  
  52  5:27  Factory  
  53  5:32  Orbital Command  
  53  5:34  SCV  
  54  5:45  SCV  
  54  5:48  SCV  
  56  5:53  Thor  
  56  5:55  Terran Vehicle Weapons Level 1  
  62  5:57  SCV  
  62  6:02  SCV  
  64  6:14  Orbital Command  
  64  6:16  Factory Reactor x2  
  65  6:18  SCV x2  
  66  6:30  SCV  
  60  6:34  Supply Depot x2  
  60  6:35  SCV  
  60  6:36  Supply Depot  
  61  6:40  Supply Depot  
  61  6:47  Supply Depot  
  61  6:48  SCV x2  
  63  6:55  Thor  
  63  6:59  Hellion x4  
  63  7:00  SCV  
  78  7:20  Hellion  
  80  7:23  Supply Depot x2  
  80  7:24  SCV  
  80  7:25  SCV  
  80  7:26  Supply Depot  
  86  7:30  Hellion x3  
  88  7:40  Infernal Pre-Igniter, Orbital Command  
  88  7:47  Armory  
  88  7:50  Terran Vehicle Weapons Level 2  
  88  8:08  SCV x3  
  91  8:15  Hellion x3  
  91  8:16  Hellion, Thor  
  105  8:24  Factory  
  105  8:27  Factory  
  105  8:28  Factory  
  105  8:33  SCV x3  
  108  8:35  Refinery  
  108  8:36  Refinery  
  108  8:39  Hellion x4  
  116  8:43  Supply Depot  
  116  8:45  Supply Depot  
  108  8:58  Thor  
  111  9:05  Missile Turret x2  
  102  9:28  Missile Turret  
  102  9:36  SCV x3  
  105  9:39  Hellion x4  
  105  9:40  Missile Turret  
  105  9:44  Missile Turret  
  113  9:45  Missile Turret  
  113  9:47  Terran Vehicle And Ship Armor Level 1  
  113  9:48  SCV  
  114  9:56  SCV  
  114  9:57  SCV  
  116  10:01  Missile Turret  
  116  10:10  SCV  
  116  10:11  SCV x2, Supply Depot x2, Thor  
  116  10:12  Hellion x2, Supply Depot  
  116  10:13  Hellion x2  
  133  10:15  Factory Tech Lab x2  
  133  10:16  Supply Depot  
  133  10:18  Factory Tech Lab  
  133  10:21  Terran Vehicle Weapons Level 3  
  133  10:33  SCV x3  
  136  10:44  Supply Depot  
  136  10:45  SCV x2  
  138  10:53  SCV  
  138  10:54  Hellion x4  
  147  10:58  Thor x3  
  165  11:04  Supply Depot  
  165  11:05  Supply Depot, Thor  
  165  11:06  Supply Depot  
  165  11:07  Supply Depot  
  171  11:18  Command Center, SCV x2  
  173  11:26  Hellion x4  
  173  11:27  SCV, Smart Servos  
  173  11:30  SCV  
  173  11:32  Command Center  
  183  11:42  SCV  
  183  11:43  Thor  
  189  11:54  Missile Turret  
  189  11:59  Hellion x4, Thor  
  181  12:07  Thor  
  131  12:26  SCV x2  
  131  12:27  SCV  
  131  12:29  Hellion  
  136  12:32  Command Center  
  136  12:58  Planetary Fortress  
  128  13:14  Hellion  
  128  13:15  Hellion x3, Thor x3  
  134  13:27  SCV x3  
  134  13:32  Thor  
  130  13:44  Supply Depot  
  130  13:45  Hellion, Supply Depot  
  130  13:46  Supply Depot  
  132  13:48  Supply Depot  
  132  13:51  Planetary Fortress  
  132  13:54  Missile Turret  
  132  14:00  Terran Vehicle And Ship Armor Level 2  
  132  14:02  Missile Turret  
  132  14:10  SCV x3  
  132  14:13  Hellion x4  
  132  14:14  Thor x2  
  155  14:26  Thor x2  
  155  14:29  Refinery  
  155  14:31  Refinery  
  167  14:36  Hellion x3  
  167  14:37  Hellion  
  175  14:54  Starport x2  
  175  14:56  Thor  
  175  14:57  Starport  
  181  15:17  Command Center  
  181  15:36  Hellion x4, Thor x2  
  169  15:47  Thor x2  
  169  15:55  Starport x2  
  139  15:57  Starport  
  127  16:09  Hellion x4  
  117  16:22  Starport Tech Lab  
  117  16:23  Starport Tech Lab  
  117  16:26  Starport Tech Lab  
  117  16:37  Fusion Core  
  117  16:42  Refinery, Thor x3  
  117  16:46  Starport Tech Lab  
  117  16:47  Starport Tech Lab x2  
  135  16:57  Terran Ship Weapons Level 1  
  135  17:27  Planetary Fortress  
  141  17:30  Battlecruiser x2  
  147  17:40  Refinery  
  147  17:41  Battlecruiser  
  153  18:07  Battlecruiser  
  159  18:23  Battlecruiser  
  165  18:40  Battlecruiser  
  162  18:55  Battlecruiser  
  104  19:18  Battlecruiser  
  93  19:33  Hellbat  
  89  19:42  Hellion x3  
  91  20:41  Hellion x4  
  70  21:26  Hellbat x2  
Tags
 
Composition
Mech
Matchup
TvZ
Replay Pack
10.7.19
Spawn Locations
Cross Positions
Add a new tag
Caveats
  • Supply blocks, unpowered buildings, or Contaminate may cause inaccurate times.
  • Supply counts are checked every 10 seconds.